 Dungeon Crawl Stone Soup version 0.26-a0-712-ga5a9c9c9d0 (webtiles) character file.

Game seed: 14848201219878042819

79 Azzok the Chopper (level 4, 0/35 HPs)
             Began as a Demonspawn Berserker on Nov 7, 2020.
             Was a Believer of Trog.
             Killed from afar by Sigmund (8 damage)
             ... with a puff of flame
             ... on level 3 of the Dungeon.
             The game lasted 00:03:23 (2246 turns).

Azzok the Chopper (Demonspawn Berserker)            Turns: 2246, Time: 00:03:23

Health: 0/35       AC: 10    Str: 19    XL:     4   Next: 16%
Magic:  4/4        EV:  8    Int: 10    God:    Trog [**....]
Gold:   145        SH:  0    Dex: 12    Spells: 3/3 levels left

rFire    . . .     SeeInvis .   a - +0 hand axe
rCold    . . .     Faith    .   (no shield)
rNeg     . . .     Spirit   .   c - +0 chain mail
rPois    .         Reflect  .   e - +0 helmet
rElec    .         Harm     .   (no cloak)
rCorr    .         Rampage  .   k - +0 pair of gloves
MR       ++...                  (no boots)
Stlth    ..........             (no amulet)
HPRegen  1.11/turn              (no ring)
MPRegen  0.09/turn              (no ring)

@: berserk cooldown, regenerating, slowed, very slow
A: powered by pain 1, big brain 1
a: Berserk, Trog's Hand, Renounce Religion


You were on level 3 of the Dungeon.
You worshipped Trog.
Trog was pleased with you.
You visited 1 branch of the dungeon, and saw 3 of its levels.

You collected 145 gold pieces.

Inventory:

Hand Weapons
 a - a +0 hand axe (weapon)
Armour
 c - a +0 chain mail (worn)
 e - a +0 helmet (worn)
 k - a +0 pair of gloves (worn)
Scrolls
 b - 3 scrolls of identify {unknown}
 f - 2 scrolls of teleportation {unknown}
 g - 2 scrolls of magic mapping {unknown}
 h - a scroll of remove curse {unknown}
 i - a scroll of enchant weapon {unknown}
 j - a scroll of noise {unknown}
Potions
 d - 2 potions of curing {unknown}


   Skills:
 - Level 3.0 Fighting
 + Level 4.6 Axes
 - Level 1.7 Armour
 - Level 1.7 Dodging


You had 3 spell levels left.
You didn't know any spells.
Your spell library was empty.

Dungeon Overview and Level Annotations

Branches:
Dungeon (3/15)

Altars:

Annotations:
D:3 Grinder, Sigmund


Innate Abilities, Weirdness & Mutations

You sometimes gain a little power by taking damage.
You have an unusually large brain. (Int +2)


Message History

A magic dart appears from out of thin air!
The magic dart hits you!
You barely miss something.
You hear some strange, mumbled words.
A puff of flame appears from out of thin air!
The puff of flame hits you but does no damage.
You bump into the rock wall.
You feel less confused. Something hits you but does no damage.
You slash something! Something hits you but does no damage.
You hit something. Something hits you.
You hit something. Something hits you.
You miss something. Something hits you!
* * * LOW HITPOINT WARNING * * *
Your skin crawls.
You feel resistant to hostile enchantments.
You hear some strange, mumbled words.
A puff of flame appears from out of thin air!
The puff of flame hits you!
You die...

▒▒▒▒·········▒
▒·▒·▒·▒▒▒·▒
▒▒▒▒▒'▒▒▒▒▒
▒·▒·▒·▒<▒·▒
▒········▒
▒·▒·▒···▒·▒
▒········▒
▒·▒·▒▒▒▒▒·▒
▒··)†····▒
▒·▒·▒·····▒
▒········▒
▒·▒·▒·▒▒▒▒▒
▒········▒ ▒···▒·▒
▒·····)··▒▒▒▒▒·▒·▒
▒▒▒········{@····▒
▒·······▒▒▒▒·▒▒▒
▒·······▒ ▒·▒
▒·······▒ ▒·▒
▒·▒▒▒▒'▒▒ ▒·▒
▒╬▒········▒·▒
············▒·▒
············▒·▒
··@·········▒·▒


There were no monsters in sight!

Vanquished Creatures
  An adder (D:2)
  3 worms
  2 dart slugs (D:1)
  3 leopard geckos
  5 bats
  5 giant cockroaches
  7 goblins
  4 hobgoblins
  6 jackals
  A quokka (D:2)
  3 frilled lizards
  13 kobolds
53 creatures vanquished.

Notes
Turn   | Place    | Note
-------+----------+-------------------------------------------
     0 | D:1      | Azzok the Demonspawn Berserker began the quest for the Orb.
     0 | D:1      | Reached XP level 1. HP: 18/18 MP: 1/1
    23 | D:1      | Reached skill level 3 in Axes
   182 | D:1      | Gained mutation: You have an unusually large brain. (Int
                  | +2) [demonic ancestry]
   182 | D:1      | Reached XP level 2. HP: 24/24 MP: 2/2
   509 | D:1      | Reached ** piety under Trog
   509 | D:1      | Reached XP level 3. HP: 28/29 MP: 3/3
  1015 | D:2      | Reached skill level 4 in Axes
  1613 | D:2      | Found a faded altar of an unknown god.
  1970 | D:3      | Gained mutation: You sometimes gain a little power by
                  | taking damage. [demonic ancestry]
  1970 | D:3      | Reached XP level 4. HP: 34/35 MP: 4/4
  2213 | D:3      | Noticed Sigmund
  2214 | D:3      | Noticed Grinder
  2246 | D:3      | Killed from afar by Sigmund

Illustrated notes

Levels and vault maps discovered:
D:1:      wander_arrival_fairy_ring, layout_basic
D:2:      layout_basic, chequers_ecumenical_altar_grove
D:3:      layout_basic, uniq_crazy_yiuf_cottage, uniq_grinder, uniq_sigmund

Skill      XL: |  1  2  3 |
---------------+----------+-----
Axes           | 3 4 |  4.6
Fighting       | |  3.0
Armour         | |  1.7
Dodging        | |  1.7

Action                   |  1- 3 |  4- 6 || total
-------------------------+-------+-------++-------
Melee: Hand axe          |   154 |    32 ||   186
Invok: Berserk           |     2 |     1 ||     3
       Trog's Hand       |       |     1 ||     1
Armor: Animal skin       |     3 |       ||     3
       Chain mail        |   129 |    17 ||   146
Dodge: Dodged            |    77 |     6 ||    83

Table legend: (Time is in decaauts)
 A = Elapsed time spent in this place.
 B = Non-inter-level travel time spent in this place.
 C = Inter-level travel time spent in this place.
 D = Time resting spent in this place.
 E = Time spent auto-exploring this place.
 F = Levels seen in this place.
 G = Mean time per level.
                   A        B        C        D        E       F      G
               +--------+--------+--------+--------+--------+-----+--------+
         Total |   2283 |   2245 |     38 |    193 |   1632 |   3 |  761.0 |
       Dungeon |   2283 |   2245 |     38 |    193 |   1632 |   3 |  761.0 |
               +--------+--------+--------+--------+--------+-----+--------+

Top non-repeatable levels by time:
     D:2: 1127 daAuts
     D:1: 862 daAuts
     D:3: 293 daAuts
